 Dungeon Crawl Stone Soup version 0.30-a0-743-gbfdf073431 (webtiles) character file.

Game seed: 18375087545775999926

4938 ryw the Cleaver (level 10, -1/91 HPs)
             Began as a Hill Orc Berserker on Feb 8, 2023.
             Was an Elder of Trog.
             Slain by a vampire (8 damage)
             ... on level 10 of the Dungeon.
             The game lasted 00:16:58 (9001 turns).

ryw the Cleaver (Hill Orc Berserker)                Turns: 9001, Time: 00:16:58

Health: -1/91      AC: 22    Str: 25    XL:     10   Next: 52%
Magic:  10/10      EV:  6    Int:  7    God:    Trog [****..]
Gold:   538        SH:  9    Dex: 10    Spells: 9/9 levels left

rFire   + . .      SeeInvis +    Q - +3 hand axe
rCold   + . .      Faith    .    A - +0 kite shield
rNeg    . . .      Spirit   .    o - +0 plate armour
rPois   .          Reflect  .    r - +1 helmet
rElec   .          Harm     .    p - scarf {rC+ rF+}
rCorr   .          Rampage  .    f - +0 pair of gloves
Will    ++...                    D - +0 pair of boots Stlth
                                 (no amulet)
HPRegen 1.35/turn                G - +4 ring of protection
MPRegen 0.12/turn                s - ring of see invisible

@: strong-willed, regenerating
A: no striking features
a: Renounce Religion, Berserk, Trog's Hand, Brothers in Arms


You were on level 10 of the Dungeon.
You worshipped Trog.
Trog was greatly pleased with you.
You visited 1 branch of the dungeon, and saw 10 of its levels.

You collected 538 gold pieces.

Inventory:

Hand Weapons
 H - a +0 war axe
 O - a +0 war axe
 P - a +4 flail
 Q - a +3 hand axe (weapon)
 S - a +0 hand axe of flaming
Missiles
 B - 4 javelins (quivered)
 I - 3 poisoned darts
Armour
 f - a +0 pair of gloves (worn)
 o - a +0 plate armour (worn)
 p - a scarf of resistance (worn)
 r - a +1 helmet (worn)
 A - a +0 kite shield (worn)
 D - a +0 pair of boots (worn)
Jewellery
 j - a ring of flight
 s - a ring of see invisible (right hand)
 y - a ring of fire
 G - a +4 ring of protection (left hand)
Wands
 q - a wand of iceblast (18)
 v - a wand of flame (10)
 M - a wand of digging (6)
Scrolls
 a - 2 scrolls of enchant weapon {unknown}
 d - 4 scrolls of noise {unknown}
 e - a scroll of amnesia {unknown}
 g - a scroll of summoning {unknown}
 h - a scroll of fog {unknown}
 l - a scroll of fear {unknown}
 m - a scroll of poison {unknown}
 n - 5 scrolls of brand weapon {unknown}
 u - a scroll of magic mapping {unknown}
 w - a scroll of immolation {unknown}
 C - 4 scrolls of blinking {unknown}
 L - 3 scrolls of teleportation {unknown}
 N - a scroll of silence {unknown}
Potions
 b - a potion of berserk rage
 c - 3 potions of heal wounds
 i - 3 potions of mutation
 k - 2 potions of brilliance
 t - a potion of invisibility
 x - 3 potions of attraction
 z - 5 potions of curing
 E - a potion of haste
 F - 2 potions of resistance
 K - a potion of flight
 R - a potion of cancellation {unknown}


   Skills:
 + Level 9.0 Fighting
 * Level 11.4 Axes
 + Level 4.6 Throwing
 + Level 7.9 Armour
 - Level 3.0 Dodging
 + Level 5.9 Shields


You had 9 spell levels left.
You didn't know any spells.
Your spell library was empty.

Dungeon Overview and Level Annotations

Branches:
Dungeon (10/15)            Temple (0/1) D:6
   Lair: D:8-11         Orc: D:9-12

Altars:
Ashenzari
Dithmenos
Elyvilon
Kikubaaqudgha
Nemelex Xobeh
Okawaru
Ru
Vehumet
Wu Jian
Zin


Message History

The vampire barely misses you. You block the vampire's attack.
You closely miss the vampire.
The vampire is almost destroyed.
The vampire hits you but does no damage.
The vampire bites you but does no damage.
You completely miss the vampire.
The vampire is almost destroyed.
You block the vampire's attack. The vampire barely misses you.
You hit the vampire but do no damage.
The vampire is almost destroyed.
The vampire hits you but does no damage.
The vampire bites you but does no damage.
You hit the vampire.
The vampire is almost destroyed.
The vampire hits you but does no damage.
You block the vampire's attack.
You hit the vampire but do no damage.
The vampire is almost destroyed.
The vampire hits you but does no damage.
The vampire bites you.
The vampire draws strength from your injuries!
You hit the vampire but do no damage.
The vampire is almost destroyed.
The vampire draws life force from you!
* * * LOW HITPOINT WARNING * * *
The vampire is healed by the life force!
You hit the vampire.
The vampire is severely damaged.
You hit the vampire but do no damage.
The vampire is severely damaged.
The vampire barely misses you. x2
You barely miss the vampire.
The vampire is severely damaged.
The vampire draws life force from you!!
* * * LOW HITPOINT WARNING * * *
The vampire is healed by the life force!
You barely miss the vampire.
The vampire is moderately damaged.
You block the vampire's attack. The vampire bites you!
You die...

................
................
#...........(...
##......<.....#
#...........###
#.#######.### #.
#....# ##$
###.####
##..##@V.#
####......###
........###
.......†#
........#
........#
#########


You could see a vampire (invisible).

Vanquished Creatures
  Joseph (D:7)
  A wraith (D:9)
  7 yaks (D:9)
  An acid dragon (D:9)
  Duvessa (D:7)
  2 sky beasts (D:7)
  2 black bears (D:6)
  An ice beast (D:5)
  4 orc warriors
  A phantom (D:6)
  2 bullfrogs (D:8)
  3 necrophages
  A gnoll sergeant (D:8)
  2 scorpions
  5 wights (D:8)
  Dowan (D:7)
  6 killer bees (D:8)
  An electric eel (D:9)
  5 howler monkeys
  2 quasits (D:5)
  5 hounds
  5 orc priests
  A gnoll bouda (D:5)
  3 iguanas
  5 orc wizards
  7 gnolls
  15 adders
  4 shadow imps
  3 white imps (D:5)
  4 ufetubi
  A worm (D:3)
  14 dart slugs
  35 orcs
  9 ball pythons
  9 bats
  4 endoplasms
  3 giant cockroaches (D:2)
  5 goblins
  8 hobgoblins
  6 jackals
  9 kobolds
  3 quokkas
  A frilled lizard (D:3)
  4 rats
212 creatures vanquished.

Vanquished Creatures (others)
  An orc wizard (D:9)
  8 demonic plants (D:5)
9 creatures vanquished.

Grand Total: 221 creatures vanquished

Notes
Turn   | Place    | Note
-------+----------+-------------------------------------------
     0 | D:1      | ryw the Hill Orc Berserker began the quest for the Orb.
     0 | D:1      | Reached XP level 1. HP: 19/19 MP: 1/1
   253 | D:1      | Reached XP level 2. HP: 18/27 MP: 2/2
  1063 | D:2      | Reached XP level 3. HP: 32/33 MP: 3/3
  1462 | D:2      | Reached ** piety under Trog
  1463 | D:2      | Reached XP level 4. HP: 37/40 MP: 4/4
  2022 | D:2      | Reached skill level 5 in Axes
  2285 | D:3      | Reached XP level 5. HP: 47/47 MP: 5/5
  3036 | D:3      | Reached *** piety under Trog
  3072 | D:4      | Reached skill level 5 in Fighting
  3072 | D:4      | Reached XP level 6. HP: 50/56 MP: 6/6
  3889 | D:5      | Entered Level 5 of the Dungeon
  3889 | D:5      | Found a sacrificial altar of Ru.
  3948 | D:5      | Reached skill level 6 in Axes
  4123 | D:5      | Reached XP level 7. HP: 54/61 MP: 7/7
  4304 | D:5      | Identified the +1 rapier of Melemo {heavy, rF+}
  4349 | D:5      | Reached skill level 5 in Armour
  4557 | D:5      | Reached skill level 1 in Shields
  4833 | D:5      | Reached skill level 7 in Axes
  5038 | D:6      | Reached XP level 8. HP: 64/71 MP: 8/8
  5138 | D:6      | Found a staircase to the Ecumenical Temple.
  5168 | D:6      | Found a glowing silver altar of Zin.
  5177 | D:6      | Reached skill level 1 in Throwing
  5302 | D:6      | Found a sparkling altar of Nemelex Xobeh.
  5416 | D:6      | Found a white marble altar of Elyvilon.
  5417 | D:6      | Found a shadowy altar of Dithmenos.
  5459 | D:6      | Reached **** piety under Trog
  5892 | D:7      | Reached skill level 8 in Axes
  5909 | D:7      | Found an iron altar of Okawaru.
  5962 | D:7      | Noticed Joseph
  5980 | D:7      | Killed Joseph
  5981 | D:7      | Reached XP level 9. HP: 47/79 MP: 9/9
  6161 | D:7      | Noticed Dowan
  6162 | D:7      | Noticed Duvessa
  6178 | D:7      | Killed Duvessa
  6193 | D:7      | Killed Dowan
  6194 | D:7      | Reached skill level 9 in Axes
  6286 | D:7      | Found a flagged portal.
  7257 | D:8      | Found a broken altar of Ashenzari.
  7380 | D:8      | Reached skill level 10 in Axes
  7578 | D:9      | Found a radiant altar of Vehumet.
  7743 | D:9      | Reached skill level 5 in Shields
  7871 | D:9      | Reached XP level 10. HP: 65/90 MP: 10/10
  8307 | D:9      | Reached skill level 11 in Axes
  8519 | D:9      | Found an ornate altar of the Wu Jian Council.
  8520 | D:9      | Found an ancient bone altar of Kikubaaqudgha.
  8940 | D:10     | Entered Level 10 of the Dungeon
  9001 | D:10     | Slain by a vampire

Illustrated notes

Levels and vault maps discovered:
D:1:      dpeg_arrival_long_road, layout_basic
D:2:      minmay_recursive_quarters, layout_loops_ring, minivault_4,
          serial_park_tiny_2
D:3:      kennysheep_slugbush, layout_basic
D:4:      nicolae_cairo_tiling, layout_cave_pools, minmay_misc_feat_nine_boxes
D:5:      layout_gridville, mainiacjoe_overflow_concentric_impassable,
          serial_demonic, serial_demonic_a, serial_demonic_g, serial_demonic_g,
          serial_demonic_c, serial_demonic_b, serial_demonic_f
D:6:      layout_basic, mainiacjoe_overflow_tiny_flanked,
          mainiacjoe_overflow_divided_tiny, overflow_temple_1_default,
          minmay_temple_entry_proselytizer, hex_intersection
D:7:      layout_loops_ring, mainiacjoe_overflow_catwalk, enter_bailey_8,
          minivault_27, uniq_joseph, uniq_duvessa
D:8:      layout_basic, kennysheep_little_box
D:9:      layout_loops_corners, fiery_altar_vehumet, jmf_multi_god_temple,
          fountainhead
D:10:     layout_rooms, nicolae_uskayaw_suspiria, erik_lair_orcish_takeover,
          dk_rats_in_the_wall

Skill      XL: |  1  2  3  4  5  6  7  8  9 10 |
---------------+-------------------------------+-----
Fighting       | 4 5 6 7 8 9 |  9.0
Dodging        | 2 3 |  3.0
Armour         | 3 4 5 6 7 |  7.9
Axes           | 5 6 7 8 10 11 | 11.4
Shields        | 1 3 5 |  5.9
Throwing       | 2 4 |  4.6

Action                     |  1- 3 |  4- 6 |  7- 9 | 10-12 || total
---------------------------+-------+-------+-------+-------++-------
  Melee: Hand axe          |    39 |       |       |   150 ||   189
         Punch             |     3 |     1 |       |       ||     4
         Whip              |    59 |   198 |   276 |       ||   533
         War axe           |       |       |   202 |    12 ||   214
  Throw: Dart              |       |       |     4 |       ||     4
         Javelin           |       |       |     4 |       ||     4
 Invoke: Berserk           |     2 |     1 |     3 |       ||     6
         Trog's Hand       |       |       |     9 |     1 ||    10
    Use: Scroll            |       |     5 |     1 |     5 ||    11
 Armour: Animal skin       |     1 |       |       |       ||     1
         Leather armour    |    10 |     2 |       |       ||    12
         Plate armour      |       |   138 |   349 |    76 ||   563
  Dodge: Dodged            |    64 |    73 |   150 |    32 ||   319
  Block: Kite shield       |       |       |   218 |    45 ||   263

Table legend: (Time is in decaauts)
 A = Elapsed time spent in this place.
 B = Non-inter-level travel time spent in this place.
 C = Inter-level travel time spent in this place.
 D = Time resting spent in this place.
 E = Time spent auto-exploring this place.
 F = Levels seen in this place.
 G = Mean time per level.
                   A        B        C        D        E       F      G
               +--------+--------+--------+--------+--------+-----+--------+
         Total |   9109 |   8760 |    349 |    868 |   5860 |  10 |  910.9 |
       Dungeon |   9109 |   8760 |    349 |    868 |   5860 |  10 |  910.9 |
               +--------+--------+--------+--------+--------+-----+--------+

Top non-repeatable levels by time:
     D:9: 1291 daAuts
     D:2: 1175 daAuts
     D:1: 1076 daAuts
     D:8: 1025 daAuts
     D:5: 1016 daAuts
     D:4: 980 daAuts
     D:7: 861 daAuts
     D:3: 825 daAuts
     D:6: 800 daAuts
    D:10: 56 daAuts
